 Dungeon Crawl Stone Soup version 0.29-a0-284-gf9362112df (webtiles) character file.

Game seed: 17516743318469644839

379650 drugrobin the Severer (level 20, -21/187 HPs)
             Began as a Demigod Fighter on Mar 22, 2022.
             Demolished by an ironbound frostheart (34 damage)
             ... on level 4 of the Vaults.
             The game lasted 03:57:50 (64037 turns).

drugrobin the Severer (Demigod Fighter)            Turns: 64037, Time: 03:57:51

Health: -21/187    AC: 25    Str: 34    XL:     20   Next: 97%
Magic:  24/33      EV:  9    Int: 22    God:
Gold:   2211       SH: 15    Dex: 25    Spells: 8/31 levels left

rFire   + + +      SeeInvis +   a - +3 broad axe (pain)
rCold   . . .      Faith    .   Z - +0 kite shield {reflect}
rNeg    + + .      Spirit   .   l - +5 scale mail of Death's Door {Fly rN++ Str+5}
rPois   +          Reflect  +   I - +2 helmet {SInv}
rElec   +          Harm     .   y - +0 cloak {rCorr}
rCorr   +          Rampage  .   L - +2 pair of gloves of Noon {rF++ Will++ Str-5}
Will    +++++                   P - +1 pair of boots of Creativity {rPois MP-9 Dex+2}
Stlth   +.........              s - amulet of Kygoceim {rF+ Regen+ MP+9 Int+2}
HPRegen 1.21/turn               K - ring of Yvvianok {Wiz Contam rElec Str+5 Dex+2}
MPRegen 0.23/turn               m - ring of the Republic {Drain rElec Will+++ Dex+6 SInv}

@: death channelling, flying
A: high MP 1, forlorn, divine attributes, agile 1, dopey 1
}: 2/15 runes: serpentine, barnacled
a: no special abilities


You were on level 4 of the Vaults.
You visited 8 branches of the dungeon, and saw 39 of its levels.
You visited 1 bazaar.
You also visited: Gauntlet and Ice Cave.

You collected 5416 gold pieces.
You spent 3205 gold pieces at shops.

Inventory:

Hand Weapons
 a - a +3 broad axe of pain (weapon)
 b - a +2 broad axe of electrocution
 c - a +1 demon whip of venom
 e - the +9 rapier "Foula" {vorpal, +Blink rElec rF+ SInv}
   (You took it off a centaur warrior on level 10 of the Dungeon)

   It inflicts extra damage upon your enemies.
   rF:        It protects you from fire.
   rElec:     It insulates you from electricity.
   SInv:      It lets you see invisible.
   +Blink:    It lets you blink.
Missiles
 k - 23 javelins (quivered)
Armour
 d - a +1 kite shield of cold resistance
 l - the +5 scale mail of Death's Door (worn) {Fly rN++ Str+5}
   (You bought it in a shop on level 10 of the Dungeon)

   Str:       It affects your strength (+5).
   rN:        It greatly protects you from negative energy.
   Fly:       It grants you flight.
 y - a +0 cloak of preservation (worn)
 I - a +2 helmet of see invisible (worn)
 L - the +2 pair of gloves of Noon (worn) {rF++ Will++ Str-5}
   (You found it on level 1 of the Vaults)

   Str:       It affects your strength (-5).
   rF:        It greatly protects you from fire.
   Will:      It greatly increases your willpower.
 M - a +2 kite shield of fire resistance
 P - the +1 pair of boots of Creativity (worn) {rPois MP-9 Dex+2}
   (You found it on level 9 of the Dungeon)

   Dex:       It affects your dexterity (+2).
   rPois:     It protects you from poison.
   MP:        It affects your magic capacity (-9).
 Z - a +0 kite shield of reflection (worn)
Jewellery
 m - the ring of the Republic (right hand) {Drain rElec Will+++ Dex+6 SInv}
   (You acquired it on level 5 of the Lair of Beasts)

   [ring of dexterity]

   Dex:       It affects your dexterity (+6).
   rElec:     It insulates you from electricity.
   SInv:      It lets you see invisible.
   Drain:     It drains your maximum health when unequipped.
   Will:      It greatly increases your willpower.
 s - the amulet of Kygoceim (around neck) {rF+ Regen+ MP+9 Int+2}
   (You found it in a Gauntlet)

   [amulet of regeneration]

   Int:       It affects your intelligence (+2).
   rF:        It protects you from fire.
   MP:        It affects your magic capacity (+9).
   Regen:     It increases your rate of health regeneration.
 F - the amulet "Ipolel" {Acrobat rCorr}
   (You took it off a deep elf death mage on level 3 of the Elven Halls)

   [amulet of the acrobat]

   It increases your evasion while moving and waiting.
   rCorr:     It protects you from acid and corrosion.
 K - the ring of Yvvianok (left hand) {Wiz Contam rElec Str+5 Dex+2}
   (You found it on level 2 of the Shoals)

   [ring of wizardry]

   It improves your spell success rate.
   Str:       It affects your strength (+5).
   Dex:       It affects your dexterity (+2).
   rElec:     It insulates you from electricity.
   Contam:    It causes magical contamination when unequipped.
Wands
 o - a wand of iceblast (5)
 t - a wand of paralysis (5)
 A - a wand of flame (16)
 O - a wand of acid (7)
 R - a wand of charming (11)
 T - a wand of polymorph (5)
 X - a wand of mindburst (37)
Scrolls
 g - 5 scrolls of fog
 h - 5 scrolls of magic mapping
 j - 3 scrolls of summoning
 w - 3 scrolls of fear
 B - 7 scrolls of immolation
 J - 2 scrolls of blinking
 S - 16 scrolls of teleportation
 V - 4 scrolls of vulnerability
Potions
 f - 20 potions of curing
 p - 4 potions of lignification
 q - 11 potions of heal wounds
 u - 5 potions of ambrosia
 x - 7 potions of invisibility
 D - 3 potions of might
 E - 5 potions of resistance
 Q - 8 potions of haste
 U - 3 potions of berserk rage
 W - 5 potions of cancellation
Miscellaneous
 r - a lightning rod (4/4)
 v - a tin of tremorstones (2/2)
 z - a condenser vane
 C - a phial of floods
 G - a phantom mirror
 H - a box of beasts
 Y - a piece from Xom's chessboard (15/15)


   Skills:
 - Level 17.9 Fighting
 - Level 18.0 Axes
 - Level 12.0 Armour
 - Level 15.0 Shields
 - Level 6.0 Spellcasting
 + Level 14.7 Necromancy
 + Level 9.1 Transmutations
 - Level 10.0 Evocations


You had 8 spell levels left.
You knew the following spells:

 Your Spells              Type           Power      Damage    Failure   Level
a - Animate Dead          Necr           32%        N/A       1%          4
b - Excruciating Wounds   Necr           32%        N/A       2%          5
c - Death Channel         Necr           32%        N/A       10%         6
d - Necromutation         Tmut/Necr      28%        N/A       99%         8

Your spell library contained the following spells:

 Spells                   Type           Power      Damage    Failure   Level
 Pain                     Necr           100%       1d9       1%          1
 Sublimation of Blood     Necr           64%        N/A       1%          2
 Agony                    Necr           64%        N/A       2%          5
 Passwall                 Tmut/Erth      21%        N/A       7%          2
 Blade Hands              Tmut           23%        N/A       16%         5
 Ignite Poison            Fire/Tmut/Pois 19%        N/A       19%         3
 Apportation              Tloc           12%        N/A       21%         1
 Freeze                   Ice            24%        1d5       21%         1
 Magic Dart               Conj           24%        1d4       21%         1
 Sandblast                Erth           12%        2d6       21%         1
 Shock                    Conj/Air       24%        1d4       21%         1
 Summon Small Mammal      Summ           24%        N/A       21%         1
 Borgnjor's Vile Clutch   Necr/Erth      19%        N/A       26%         5
 Call Imp                 Summ           6%         N/A       28%         2
 Ensorcelled Hibernation  Hex/Ice        12%        N/A       28%         2
 Petrify                  Tmut/Erth      26%        N/A       30%         4
 Call Canine Familiar     Summ           6%         N/A       45%         3
 Conjure Flame            Conj/Fire      6%         6-21      45%         3
 Frozen Ramparts          Ice            12%        1d3       45%         3
 Gell's Gravitas          Tloc           6%         N/A       45%         3
 Lesser Beckoning         Tloc           6%         N/A       45%         3
 Mephitic Cloud           Conj/Pois/Air  6%         N/A       45%         3
 Ozocubu's Armour         Ice            6%         N/A       45%         3
 Portal Projectile        Hex/Tloc       12%        N/A       45%         3
 Stone Arrow              Conj/Erth      12%        3d7       45%         3
 Summon Guardian Golem    Hex/Summ       6%         N/A       45%         3
 Swiftness                Air            6%         N/A       45%         3
 Teleport Other           Tloc           6%         N/A       45%         3
 Alistair's Intoxication  Tmut/Pois      17%        N/A       58%         5
 Irradiate                Conj/Tmut      13%        3d18      58%         5
 Simulacrum               Ice/Necr       19%        N/A       73%         6
 Airstrike                Air            3%         N/A       82%         4
 Animate Armour           Summ/Erth      12%        N/A       82%         4
 Flame Wave               Conj/Fire      6%         2d5       82%         4
 Hailstorm                Conj/Ice       6%         3d4       82%         4
 Leda's Liquefaction      Hex/Erth       3%         N/A       82%         4
 Passage of Golubria      Tloc           6%         N/A       82%         4
 Sticky Flame             Conj/Fire      6%         2d3       82%         4
 Summon Ice Beast         Ice/Summ       6%         N/A       82%         4
 Borgnjor's Revivificati  Necr           32%        N/A       90%         8
 Infestation              Necr           32%        N/A       90%         8
 Eringya's Noxious Bog    Tmut/Pois      13%        N/A       96%         6
 Statue Form              Tmut/Erth      17%        N/A       96%         6
 Fireball                 Conj/Fire      3%         3d4       98%         5
 Freezing Cloud           Conj/Ice/Air   3%         6-21      98%         5
 Iskenderun's Battlesphe  Conj           6%         2d6       98%         5
 Lee's Rapid Deconstruct  Erth           3%         3d6*      98%         5
 Manifold Assault         Tloc           6%         N/A       98%         5
 Metabolic Englaciation   Hex/Ice        3%         N/A       98%         5
 Silence                  Hex/Air        3%         N/A       98%         5
 Summon Forest            Summ/Tloc      3%         N/A       98%         5
 Summon Mana Viper        Hex/Summ       6%         N/A       98%         5
 Haunt                    Necr/Summ      19%        N/A       99%         7
 Iron Shot                Conj/Erth      3%         9d2       100%        6
 Summon Cactus Giant      Summ           3%         N/A       100%        6
 Malign Gateway           Summ/Tloc      3%         N/A       100%        7
 Monstrous Menagerie      Summ           3%         N/A       100%        7
 Ozocubu's Refrigeration  Ice            3%         4d5       100%        7
 Spellforged Servitor     Conj/Summ      3%         N/A       100%        7
 Summon Hydra             Summ           3%         N/A       100%        7
 Lehudib's Crystal Spear  Conj/Erth      3%         10d2      100%        8
 Summon Horrible Things   Summ           3%         N/A       100%        8
 Death's Door             Necr           32%        N/A       100%        9
 Polar Vortex             Ice            3%         N/A       100%        9


Dungeon Overview and Level Annotations

Branches:
Dungeon (15/15)            Temple (0/1) D:5            Lair (6/6) D:8
 Shoals (4/4) Lair:2        Snake (4/4) Lair:2        Slime (0/5) Lair:6
    Orc (2/2) D:11            Elf (3/3) Orc:2        Vaults (4/5) D:13
  Crypt (0/3) Vaults:3     Depths (1/4) D:15          IceCv (visited)
Gauntlet (visited)

Shops:
D:5 [   D:10 !*=[   D:12 !   D:15 !   Orc:2 (!!*   Elf:2 (   Snake:1 [
Snake:3 *   Vaults:1 =   Depths:1 ==:

Portals:
Hell: Depths:1

Annotations:
D:14 3 runed translucent doors, Cecur's ghost, journeyman DrEE
Lair:6 1 runed translucent door
Shoals:2 Gunih's ghost, adept NaFi


Innate Abilities, Weirdness & Mutations

You have an increased reservoir of magic. (+10% MP)
You shall have no god before yourself.
Your divine heritage dramatically boosts your attributes as you level up.
You are agile. (Dex +2)
You are dopey. (Int -2)


Message History

Unknown command.
Unknown command.
Unknown command.
Unknown command.
Unknown command.
Unknown command.
Unknown command.
Unknown command.
You hit the ironbound frostheart.
The ironbound frostheart writhes in agony.
The ironbound frostheart is severely wounded.
The ironbound frostheart touches you!
* * * LOW HITPOINT WARNING * * *
The ironbound frostheart freezes you!!
* * * LOW HITPOINT WARNING * * *
Unknown command.
Unknown command.
Unknown command.
Unknown command.
Unknown command.
Unknown command.
Unknown command.
Press: ? - help, v - describe, . - travel
Here: an ironbound frostheart, wearing a +0 scale mail (severely wounded, ally target)
The floor, spattered with blood.
Unknown command.
Unknown command.
Press: ? - help, v - describe, . - travel
Here: an ironbound frostheart, wearing a +0 scale mail (severely wounded, ally target)
The floor, spattered with blood.
Unknown command.
Unknown command.
Unknown command.
Unknown command.
Okay, then.
Unknown command.
You feel much better. The ironbound frostheart touches you!
* * * LOW HITPOINT WARNING * * *
The ironbound frostheart freezes you!!
You die...

*********.......[..# *,,,*,,,*,,,
,,,,,,,,*..........# *,,,*,,,*,,,
,,,,,,,,*..........# *,**,**,*,,,
,,,,,,,,*...)......# *,,,*,,,*,,,
*,*******..........# *,,,*,,,*,,,
*,,,,,,,*..........# *,,,,,,,*,,,
***,*****.......Z..#*****+**+****
*,,,*,,,*.......p..#......+,,,,,,
***,*,***.......@..#......#,,,,,,
,,,,,,,,*..........#......#,,≈≈≈,
,,,,,,,,#........).#......#,,≈≈≈,
,,,,,,,,#..........#......#,,≈≈≈,
***,***,#..........#......#,,,,,,
,,*,,,*,#..........#......#,,,,,,
*,******#..........'......#******
*,*,*,,,#..≈≈≈.....########
*,*,***,#.≈.≈.≈....#


You could see an ironbound frostheart (ally target) and a friendly spectral deep
troll.

Vanquished Creatures
  Vashnia (Snake:4)
  Bai Suzhen (Snake:4)
  4 liches
  3 deep elf blademasters
  2 krakens
  2 deep elf master archers (Elf:3)
  Frances (D:14)
  5 sphinxes
  A shadow dragon (Vaults:3)
  Roxanne (Elf:1)
  5 nagarajas
  3 fire giants
  Louise (Elf:1)
  A vault warden (Vaults:3)
  5 deep elf sorcerers
  2 orc warlords
  The ghost of avis the Grappler, a journeyman HOMo of Beogh (Shoals:1)
  2 war gargoyles
  2 very ugly things (Vaults:3)
  5 deep elf elementalists (Elf:3)
  5 stone giants
  3 ironbound thunderhulks
  6 ironbound preservers
  2 vampire knights (Depths:1)
  2 deep elf demonologists (Elf:3)
  5 deep elf annihilators
  2 minotaurs
  Azrael (Elf:1)
  5 dire elephants
  6 spark wasps (Depths:1)
  Snorg (D:11)
  3 deep elf death magi (Elf:3)
  2 merfolk javelineers
  4 merfolk impalers
  2 great orbs of eyes
  A green death (Snake:2)
  3 crystal guardians
  2 ice dragons
  6 yaktaur captains
  2 deep elf high priests (Elf:3)
  3 ettins (Depths:1)
  A fire dragon (Depths:1)
  10 hydras
  Harold (Lair:2)
  3 peacekeepers
  16 naga warriors
  2 ironbound frosthearts
  A rakshasa (Depths:1)
  3 boulder beetles
  11 vault guards
  2 ogre magi (Orc:2)
  5 merfolk aquamancers
  16 two-headed ogres
  13 anacondas
  5 merfolk avatars
  10 centaur warriors
  A catoblepas (Lair:6)
  13 satyrs
  7 death yaks
  19 dancing weapons
  A vampire mage (Depths:1)
  A deep troll shaman (Depths:1)
  A tengu warrior (Depths:1)
  8 shock serpents
  A deep troll earth mage (D:15)
  15 deep elf knights
  A spriggan berserker (Depths:1)
  3 sun demons (Shoals:3)
  17 naga sharpshooters
  14 sea snakes
  Amaemon (D:12)
  2 salamander mystics
  A skeletal warrior (D:9)
  A fire crab (shapeshifter) (D:11)
  A glowing orange brain (Vaults:3)
  32 deep trolls
  6 deep elf archers
  The ghost of sammy202020 the Skirmisher, a novice GrBe of Trog (D:6)
  A flayed ghost (Depths:1)
  9 ironbound convokers
  2 bog bodies (IceCv)
  10 naga ritualists
  30 deep elf pyromancers
  An orc knight (D:14)
  5 wizards
  15 mana vipers
  9 lindwurms
  18 deep elf zephyrmancers
  2 necromancers
  25 fauns
  23 ugly things
  10 salamanders
  A shining eye (shapeshifter) (Vaults:3)
  2 orc sorcerers
  17 manticores
  16 harpies
  A worldbinder (Gauntlet)
  10 cyclopes
  6 guardian serpents
  28 black mambas
  9 elephants
  9 water nymphs
  An ice statue (IceCv)
  6 merfolk sirens
  An orange demon (D:12)
  18 naga magi
  Joseph (D:10)
  A centaur zombie (D:15)
  A guardian serpent (shapeshifter) (D:14)
  6 vault sentinels
  A cane toad (shapeshifter) (D:10)
  2 gargoyles
  2 torpor snails
  2 centaur skeletons (D:15)
  17 cane toads
  2 unseen horrors
  3 minotaur zombies (Gauntlet)
  5 rime drakes
  4 freezing wraiths
  9 komodo dragons
  An anaconda simulacrum (IceCv)
  2 yaktaurs (shapeshifter)
  5 kobold demonologists
  4 yaktaurs (Vaults:4)
  A queen bee (Lair:2)
  6 hornets
  A meliai (shapeshifter) (D:9)
  28 merfolk
  8 wind drakes
  A meliai (D:9)
  3 polar bears
  20 trolls
  20 blink frogs
  2 slime creatures (shapeshifter)
  33 slime creatures
  10 dream sheep
  13 snapping turtles
  4 air elementals
  A centaur simulacrum (D:15)
  20 water elementals
  A vampire (D:11)
  7 shadows
  2 wraiths (D:9)
  63 yaks
  4 fire elementals
  10 wyverns
  4 basilisks
  2 fire bats (Lair:1)
  4 steam dragons
  2 death yak simulacra (IceCv)
  16 vampire mosquitoes
  5 wargs
  5 harpy simulacra (IceCv)
  49 nagas
  4 hell hounds
  5 acid dragons
  Duvessa (D:7)
  A floating eye (D:11)
  7 water moccasins
  2 black bears (D:6)
  A meliai simulacrum (D:15)
  17 orc warriors
  A hornet zombie (D:15)
  A sky beast (D:6)
  A boggart (Gauntlet)
  10 centaurs
  22 ogres
  5 wolves (Lair:2)
  4 phantoms
  7 kobold brigands
  8 bullfrogs
  2 necrophages
  A gnoll sergeant (D:5)
  2 earth elementals (Elf:1)
  2 scorpions
  7 two-headed ogre simulacra (IceCv)
  Dowan (D:7)
  32 killer bees
  3 electric eels
  6 howler monkeys
  2 jellies
  6 orc priests
  7 hounds
  A gnoll shaman (D:4)
  Jessica (D:3)
  4 iguanas
  22 orc wizards
  6 troll simulacra (IceCv)
  4 wolf simulacra (IceCv)
  2 polar bear simulacra (IceCv)
  7 spriggan simulacra (IceCv)
  Robin (D:2)
  5 adders
  12 gnolls
  2 naga simulacra (IceCv)
  2 river rats (D:8)
  A shadow imp (Gauntlet)
  10 white imps
  3 ufetubi (IceCv)
  A worm (D:3)
  2 dart slugs
  69 orcs
  10 endoplasms
  2 giant cockroaches
  16 goblins
  7 hobgoblins
  5 jackals (D:1)
  6 quokkas
  9 ball pythons
  6 bats
  6 frilled lizards
  32 kobolds
  7 rats
  5 tentacles
1492 creatures vanquished.

Vanquished Creatures (collateral kills)
  Nikola (Vaults:2)
  A deep elf blademaster (Elf:3)
  A deep elf sorcerer (Elf:3)
  An ironbound preserver (Vaults:2)
  A deep elf demonologist (Elf:3)
  2 dire elephants (Vaults:1)
  A deep elf annihilator (Elf:3)
  A merfolk javelineer (Shoals:1)
  A vault guard (Vaults:3)
  An anaconda (Snake:4)
  A dancing weapon (Elf:2)
  4 deep trolls
  An ironbound convoker (Vaults:2)
  An ugly thing (Vaults:4)
  A vault sentinel (Vaults:2)
  A guardian serpent (Snake:4)
  A wind drake (Shoals:4)
  2 slime creatures (Vaults:3)
  An orc (D:15)
24 creatures vanquished.

Vanquished Creatures (others)
  A nagaraja (Snake:4)
  A merfolk aquamancer (Shoals:2)
  A deep elf knight (Elf:1)
  A naga mage (Snake:4)
  A black mamba (Snake:4)
  A naga (Snake:4)
  An orc wizard (D:10)
  A bush (Lair:6)
  A butterfly (D:6)
  60 fungi
  104 plants
  17 tentacles
  A withered plant (D:6)
191 creatures vanquished.

Grand Total: 1707 creatures vanquished

Notes
Turn   | Place    | Note
-------+----------+-------------------------------------------
     0 | D:1      | drugrobin the Demigod Fighter began the quest for the Orb.
     0 | D:1      | Reached XP level 1. HP: 18/18 MP: 3/3
    44 | D:1      | Reached skill level 2 in Axes
   246 | D:1      | Reached XP level 2. HP: 7/25 MP: 4/4
  1701 | D:2      | Reached XP level 3. HP: 31/31 MP: 5/5
  1899 | D:2      | Reached skill level 3 in Axes
  1956 | D:2      | Noticed Robin
  1969 | D:2      | Killed Robin
  2779 | D:3      | Noticed Jessica
  2782 | D:3      | Killed Jessica
  2783 | D:3      | Reached XP level 4. HP: 38/38 MP: 6/6
  2883 | D:3      | Reached skill level 4 in Axes
  3044 | D:3      | Reached XP level 5. HP: 46/46 MP: 7/7
  3916 | D:4      | Reached skill level 5 in Axes
  3916 | D:4      | Reached XP level 6. HP: 47/52 MP: 8/8
  4318 | D:4      | Identified the +0 robe of Inference {rC+}
  4752 | D:5      | Entered Level 5 of the Dungeon
  4987 | D:4      | Reached skill level 6 in Axes
  4992 | D:4      | Reached XP level 7. HP: 43/60 MP: 9/9
  5109 | D:5      | Reached skill level 5 in Fighting
  5249 | D:5      | Found a staircase to the Ecumenical Temple.
  5520 | D:5      | Found Hyast's Armour Boutique.
  5699 | D:5      | You fall into a shaft and drop 3 floors!
  5699 | D:8      | Noticed a death yak
  5699 | D:8      | Noticed a death yak
  5699 | D:8      | Noticed a death yak
  5699 | D:8      | Noticed a wyvern
  5699 | D:8      | Found a staircase to the Lair.
  5766 | D:6      | Reached skill level 7 in Axes
  6476 | D:5      | Reached XP level 8. HP: 66/70 MP: 10/10
  6519 | D:5      | Reached skill level 8 in Axes
  7407 | D:6      | Found a runed translucent door.
  7413 | D:6      | Noticed sammy202020's ghost (novice GrBe)
  7552 | D:6      | Reached skill level 9 in Axes
  8205 | D:6      | Killed sammy202020's ghost
  8206 | D:6      | Reached skill level 10 in Axes
  8206 | D:6      | Reached XP level 9. HP: 55/79 MP: 11/11
  8744 | D:7      | Noticed Duvessa
  8744 | D:7      | Noticed Dowan
  8771 | D:7      | Killed Duvessa
  8930 | D:7      | Killed Dowan
  9684 | D:9      | Noticed a two-headed ogre
  9701 | D:9      | Killed a two-headed ogre
  9702 | D:9      | Reached skill level 11 in Axes
  9771 | D:9      | Noticed a five-headed hydra
  9790 | D:9      | Killed a one-headed hydra
  9791 | D:9      | Reached XP level 10. HP: 52/90 MP: 13/13
 10603 | D:7      | Killed a death yak
 10604 | D:7      | Reached skill level 12 in Axes
 10776 | D:7      | Killed a death yak
 10958 | D:8      | Killed a death yak
 11446 | D:8      | Noticed a two-headed ogre
 11459 | D:8      | Killed a two-headed ogre
 11585 | D:8      | Reached skill level 13 in Axes
 11826 | D:8      | Reached XP level 11. HP: 69/99 MP: 14/14
 12407 | D:9      | Noticed a centaur warrior
 12424 | D:9      | Killed a centaur warrior
 12560 | D:9      | Reached skill level 10 in Fighting
 12670 | D:9      | Noticed a skeletal warrior
 12686 | D:9      | Killed a skeletal warrior
 12731 | D:9      | Identified the +1 pair of boots of Creativity {rPois MP-9
                  | Dex+2}
 13096 | D:10     | Entered Level 10 of the Dungeon
 13096 | D:10     | Found Boecur's Distillery.
 13101 | D:10     | Bought a potion of haste for 130 gold pieces
 13101 | D:10     | Bought a potion of curing for 39 gold pieces
 13101 | D:10     | Bought a potion of curing for 39 gold pieces
 13101 | D:10     | Bought a potion of attraction for 39 gold pieces
 13101 | D:10     | Bought a potion of resistance for 130 gold pieces
 13101 | D:10     | Bought a potion of curing for 39 gold pieces
 13110 | D:10     | Found Juhutesu's Assorted Antiques.
 13136 | D:10     | Bought a scroll labelled ZOTHEINAJE for 33 gold pieces
 13210 | D:10     | Found Rumoizao's Book Shop.
 13298 | D:10     | Found Cepauro's Armour Shoppe.
 13490 | D:10     | Noticed Joseph
 13501 | D:10     | Killed Joseph
 13579 | D:10     | Found Qaennuir's Jewellery Emporium.
 13657 | D:10     | Noticed a six-headed hydra
 13657 | D:10     | Noticed a two-headed ogre
 13722 | D:9      | Reached skill level 14 in Axes
 13921 | D:9      | Killed a two-headed ogre
 14299 | D:10     | Noticed a deep elf pyromancer
 14454 | D:9      | Killed a deep elf pyromancer
 14616 | D:10     | Noticed an eight-headed hydra
 14628 | D:10     | Killed a two-headed hydra
 14629 | D:10     | Reached skill level 5 in Armour
 14711 | D:10     | Killed a two-headed hydra
 14791 | D:10     | Noticed a wizard
 14802 | D:10     | Killed a wizard
 15179 | D:10     | Noticed a boulder beetle
 15199 | D:10     | Killed a boulder beetle
 15200 | D:10     | Reached XP level 12. HP: 92/108 MP: 6/15
 15492 | D:10     | Noticed a two-headed ogre
 15503 | D:10     | Killed a two-headed ogre
 15504 | D:10     | Reached skill level 15 in Axes
 15602 | D:10     | Noticed an ice dragon
 16478 | D:11     | Noticed a six-headed hydra
 16504 | D:11     | Killed a two-headed hydra
 16793 | D:11     | Found a staircase to the Orcish Mines.
 16919 | D:11     | Noticed a two-headed ogre
 17149 | D:11     | Killed a two-headed ogre
 17278 | D:11     | Noticed a two-headed ogre
 17288 | D:11     | Killed a two-headed ogre
 17446 | D:11     | Noticed a five-headed hydra
 17446 | D:11     | Paralysed by a floating eye for 2 turns
 17450 | D:11     | Paralysed by a floating eye for 4 turns
 17770 | D:11     | Noticed Snorg
 17825 | Lair:1   | Entered Level 1 of the Lair of Beasts
 18425 | D:8      | Reached skill level 16 in Axes
 18942 | Lair:1   | Found a transporter.
 19351 | Lair:1   | Found a transporter.
 19735 | Lair:2   | Found a staircase to the Shoals.
 19759 | Lair:2   | Reached XP level 13. HP: 114/117 MP: 7/16
 19901 | Lair:2   | Found a staircase to the Snake Pit.
 20825 | Lair:2   | Noticed Harold
 20851 | Lair:2   | Killed Harold
 21058 | Lair:2   | You fall into a shaft and drop 2 floors!
 22061 | Lair:3   | Reached skill level 17 in Axes
 23729 | Lair:5   | Found a gate leading to a gauntlet.
 23758 | Gauntlet | Entered a Gauntlet
 23758 | Gauntlet | Found a transporter.
 23758 | Gauntlet | Found a transporter.
 23760 | Gauntlet | Found a transporter.
 23763 | Gauntlet | Found a transporter.
 23764 | Gauntlet | Found a transporter.
 23764 | Gauntlet | Found a transporter.
 23793 | Gauntlet | Found a transporter.
 23797 | Gauntlet | Found a transporter.
 23801 | Gauntlet | Found a runed translucent door.
 23803 | Gauntlet | Found a runed translucent door.
 23805 | Gauntlet | Found a transporter.
 23821 | Gauntlet | Found a transporter.
 23823 | Gauntlet | Noticed a dire elephant
 23839 | Gauntlet | Found a transporter.
 23839 | Gauntlet | Found a transporter.
 24025 | Gauntlet | Identified the amulet of Kygoceim {rF+ Regen+ MP+9 Int+2}
 24121 | Gauntlet | Identified the +2 pair of gloves of Spring Thaw {*Slow
                  | rPois rF+ Regen+}
 24140 | Gauntlet | Noticed a minotaur
 24154 | Gauntlet | Killed a minotaur
 24255 | Gauntlet | Identified the +9 falchion of the Turnip {flame, Will+}
 24255 | Gauntlet | Identified the +0 pair of boots "Uliuv" {Int+5 Dex+2
                  | Slay-2}
 24423 | Lair:5   | Identified a scroll of acquirement
 24439 | Lair:5   | Acquired the ring of the Republic {Drain rElec Will+++
                  | Dex+6 SInv}
 24563 | Lair:5   | Reached XP level 14. HP: 125/127 MP: 17/17
 25143 | Lair:6   | Entered Level 6 of the Lair of Beasts
 25803 | Lair:6   | Reached skill level 18 in Axes
 25943 | Lair:6   | Reached skill level 10 in Armour
 26273 | Lair:6   | Found a runed translucent door.
 26273 | Lair:6   | Noticed an acid blob
 26274 | Lair:6   | Found a staircase to the Slime Pits.
 26274 | Lair:6   | Noticed an acid blob
 27134 | D:10     | Identified the +9 rapier "Foula" {vorpal, +Blink rElec rF+
                  | SInv}
 27268 | D:10     | Identified the amulet of Eternity {Harm rC+ Regen+ Dex+5}
 28186 | D:12     | Noticed Amaemon
 28200 | D:12     | Killed Amaemon
 28352 | D:12     | Found Wyetzeakhe's Distillery.
 28360 | D:12     | Bought a potion of cancellation for 112 gold pieces
 28360 | D:12     | Bought a potion of curing for 42 gold pieces
 28360 | D:12     | Bought a potion of heal wounds for 70 gold pieces
 28360 | D:12     | Bought a potion of heal wounds for 70 gold pieces
 28589 | Orc:1    | Entered Level 1 of the Orcish Mines
 28816 | Orc:2    | Entered Level 2 of the Orcish Mines
 28900 | Orc:2    | Noticed an orc warlord
 29043 | Orc:1    | Learned a level 4 spell: Animate Dead
 29166 | Orc:2    | Killed an orc warlord
 29374 | Orc:2    | Reached skill level 1 in Necromancy
 29917 | Orc:2    | Reached XP level 15. HP: 134/139 MP: 18/18
 30076 | Orc:2    | Found Fije's Distillery.
 30077 | Orc:2    | Found Forerhin's Weapon Shop.
 30103 | Orc:2    | Reached skill level 1 in Evocations
 30124 | Orc:2    | Found a staircase to the Elven Halls.
 30377 | Orc:2    | Found Ogo Ykkoyschi's General Store.
 30379 | Orc:2    | Bought a potion of experience for 700 gold pieces
 30379 | Orc:2    | Reached XP level 16. HP: 147/147 MP: 19/19
 30390 | Orc:2    | Bought a +0 broad axe for 48 gold pieces
 30392 | Orc:2    | Found Isyjeria's Distillery.
 30437 | Orc:2    | Bought a potion of heal wounds for 70 gold pieces
 30437 | Orc:2    | Bought a potion of heal wounds for 70 gold pieces
 30774 | Snake:1  | Entered Level 1 of the Snake Pit
 30774 | Snake:1  | Found Zaikaeh's Armour Shop.
 31019 | Lair:2   | Reached skill level 15 in Fighting
 31819 | Snake:1  | Reached skill level 5 in Necromancy
 32862 | Snake:2  | Reached skill level 5 in Evocations
 33167 | Snake:2  | Found a transporter.
 33874 | Snake:2  | Found a transporter.
 34010 | Snake:2  | Identified the +5 falchion of Kismet {speed, rElec Will-
                  | Int+3 Dex+4}
 34161 | Snake:3  | Found Utaunn's General Store.
 36235 | Snake:4  | Entered Level 4 of the Snake Pit
 36313 | Snake:4  | Reached skill level 5 in Shields
 36550 | Snake:4  | Noticed Bai Suzhen
 36652 | Snake:2  | Gained mutation: You are agile. (Dex +2) [mutagenic glow]
 36665 | Snake:2  | Gained mutation: You are dopey. (Int -2) [mutagenic glow]
 36890 | Shoals:1 | Entered Level 1 of the Shoals
 36918 | Shoals:1 | Identified the +2 ring mail "Zygeggo" {rF++ Stlth-}
 37056 | D:10     | Bought the +5 scale mail of Death's Door {Fly rN++ Str+5}
                  | for 827 gold pieces
 37375 | Shoals:1 | Reached XP level 17. HP: 112/158 MP: 20/20
 37690 | Shoals:1 | Found a runed translucent door.
 37694 | Shoals:1 | Noticed avis's ghost (journeyman HOMo)
 37825 | Shoals:1 | Killed avis's ghost
 39862 | Shoals:2 | Found a transporter.
 39864 | Shoals:2 | Found a transporter.
 39870 | Shoals:2 | Noticed Gunih's ghost (adept NaFi)
 40736 | Shoals:4 | Entered Level 4 of the Shoals
 42014 | Shoals:3 | Learned a level 5 spell: Excruciating Wounds
 43142 | Shoals:4 | Reached XP level 18. HP: 168/168 MP: 21/21
 43200 | Shoals:4 | Got a barnacled rune of Zot
 43306 | Shoals:4 | Identified the +7 rapier of Wrongful Imprisonment {protect,
                  | +Blink Will+}
 43624 | Shoals:4 | Reached skill level 10 in Shields
 44437 | Snake:4  | Killed Bai Suzhen
 44969 | Snake:4  | Noticed Vashnia
 44993 | Snake:4  | Killed Vashnia
 44997 | Snake:4  | Reached skill level 10 in Necromancy
 45684 | Snake:4  | Got a serpentine rune of Zot
 46115 | Snake:2  | Identified the ring "Mutiliapt" {Fly rPois rC- Slay+3}
 46128 | Snake:2  | Identified the ring of Zoilile {*Corrode Str+4 Slay+4}
 46415 | D:11     | Killed Snorg
 46572 | D:13     | Found a frozen archway.
 46580 | IceCv    | Entered an ice cave
 47566 | D:13     | Reached skill level 10 in Evocations
 47666 | D:13     | Found a gate to the Vaults.
 48366 | D:14     | Noticed Frances
 48380 | D:14     | Killed Frances
 48951 | D:14     | Identified the +2 leather armour of Lifelessness {Slay+6}
 49186 | D:14     | Found a runed translucent gate.
 49186 | D:14     | Found a runed translucent gate.
 49186 | D:14     | Found a runed translucent gate.
 49187 | D:14     | Noticed Cecur's ghost (journeyman DrEE)
 49233 | D:15     | Entered Level 15 of the Dungeon
 49276 | D:15     | Learned a level 6 spell: Death Channel
 49320 | D:15     | Found Huibrifu's Distillery.
 50091 | D:15     | Found a staircase to the Depths.
 50386 | Depths:1 | Entered Level 1 of the Depths
 50818 | Depths:1 | Reached XP level 19. HP: 95/177 MP: 17/22
 51645 | Depths:1 | Found a gateway to Hell.
 51714 | Depths:1 | Found Siarch's Jewellery Boutique.
 51715 | Depths:1 | Found Wakak's Book Shoppe.
 51716 | Depths:1 | Found Zikech's Jewellery Boutique.
 52436 | Depths:1 | Found the +3 pair of seven-league boots {Rampage+∞}
 53012 | Shoals:2 | Identified the ring of Yvvianok {Wiz Contam rElec Str+5
                  | Dex+2}
 53374 | Elf:1    | Entered Level 1 of the Elven Halls
 53374 | Elf:1    | Noticed Azrael
 53405 | Elf:1    | Killed Azrael
 53470 | Elf:1    | Paralysed by an air elemental for 1 turns
 53473 | Elf:1    | Paralysed by an air elemental for 1 turns
 53507 | Elf:1    | Reached skill level 1 in Spellcasting
 53654 | Elf:1    | Paralysed by an air elemental for 1 turns
 53954 | Elf:1    | Noticed Louise
 53980 | Elf:1    | Killed Louise
 54071 | Elf:1    | Noticed Roxanne
 54657 | Elf:1    | Killed Roxanne
 54753 | Elf:2    | Paralysed by an air elemental for 1 turns
 54810 | Elf:2    | Found Nafidire's Antique Weapon Emporium.
 55060 | Elf:2    | Found a runed translucent gate.
 55061 | Elf:2    | Found a runed translucent gate.
 55061 | Elf:2    | Found a runed translucent gate.
 55110 | Elf:2    | Learned a level 8 spell: Necromutation
 55492 | Elf:3    | Entered Level 3 of the Elven Halls
 55508 | Elf:3    | Paralysed by an air elemental for 1 turns
 55569 | Elf:3    | Reached skill level 1 in Transmutations
 56943 | Elf:3    | Identified the +6 short sword of Magnificence {vorpal, MP+9
                  | SInv}
 56959 | Elf:3    | Identified the ring "Qeplool" {*Slow Fly rF- rCorr MP+9}
 57032 | Elf:3    | Identified the amulet "Ipolel" {Acrobat rCorr}
 57270 | Elf:3    | Got the Guide on Calling
 57354 | Elf:3    | Got the Collected Works on Flames
 57373 | Elf:3    | Got Nutwuupn's Reference Book on Moulding and Translocation
 57377 | Elf:3    | Identified the +6 shortbow of Evolution {flame, rN++}
 57802 | Elf:2    | Reached XP level 20. HP: 187/187 MP: 31/31
 58113 | Elf:2    | Reached skill level 5 in Spellcasting
 58755 | Vaults:1 | Entered Level 1 of the Vaults
 59228 | Vaults:1 | Identified the +2 pair of gloves of Noon {rF++ Will++
                  | Str-5}
 59529 | Vaults:1 | Reached skill level 5 in Transmutations
 59665 | Vaults:1 | Reached skill level 15 in Shields
 59954 | Vaults:1 | Found Aleenoxt's Jewellery Boutique.
 60608 | Vaults:2 | Noticed Nikola
 60628 | Vaults:2 | Killed Nikola
 62718 | Vaults:3 | Identified the +7 glaive "Arev" {speed, rElec Will+ Int+4}
 62777 | Vaults:3 | Found a staircase to the Crypt.
 63759 | Vaults:4 | Found a flickering gateway to a bazaar.
 63768 | Bazaar   | Entered a bazaar
 63876 | Bazaar   | Found Xeuhud's Jewellery Shoppe.
 63899 | Bazaar   | Found Rooppett's Jewellery Emporium.
 63921 | Bazaar   | Found Qolu's Armour Emporium.
 63921 | Bazaar   | Found Zawkox's General Store.
 63927 | Bazaar   | Bought a potion of heal wounds for 45 gold pieces
 63972 | Bazaar   | Bought a +4 ring of slaying for 702 gold pieces
 64036 | Vaults:4 | HP: 2/187 [ironbound frostheart (22)]
 64037 | Vaults:4 | Demolished by an ironbound frostheart

Illustrated notes

Levels and vault maps discovered:
D:1:      co_arrival_random_square_maze, layout_loops_ring, nrook_mini_vaults,
          patterned_corridor
D:2:      minmay_recursive_quarters, layout_loops_cross,
          hellmonk_ecumenical_altar_arch_garden, serial_forest,
          infiniplex_forest_zigzag_1, infiniplex_forest_split,
          infiniplex_forest_clump_medium, infiniplex_forest_zigzag_1,
          infiniplex_forest_lined_2, infiniplex_forest_lined_room_3, uniq_robin
D:3:      minmay_diamond_boxcup, layout_basic, uniq_jessica
D:4:      layout_basic, lemuel_tele_altar,
          mainiacjoe_overflow_concentric_impassable
D:5:      layout_rooms, grunt_qazlal_sundering, lemuel_round_altar,
          minmay_temple_entry_slanted, serial_shops, kennysheep_mini,
          wad_floor_pattern_2
D:6:      layout_cave_pools, yredelemnul_altar_generic,
          gammafunk_temple_overflow_forgotten, nicolae_elyvilon_peaceful_grove,
          ebering_ghost_sewer_d, chequers_serial_rivers_micro_e,
          dreamdust_gnoll_farm
D:7:      layout_loops_cross, uniq_duvessa
D:8:      layout_loops_ring, ashenzari_altar_1, dpeg_lair_monsters
D:9:      layout_small_grid, grunt_ogre_cave, minmay_evil_grid
D:10:     minmay_the_grid_3x3 [minmay_the_grid_square_x, minmay_the_grid_slots,
          minmay_the_grid_holed_spiral, minmay_the_grid_tiny_cups,
          minmay_the_grid_embedded, minmay_the_grid_fan,
          minmay_the_grid_large_cup, minmay_the_grid_dragon_a,
          minmay_the_grid_prize_diamond_cup], layout_loops_cross, serial_shops,
          nicolae_take_the_stairs, nicolae_shop_overgrown_old_shop, shop, shop,
          nicolae_shop_behind_doors, uniq_joseph
D:11:     kennysheep_blocky_room, layout_cave_pods, nicolae_benzene_ring,
          onia_ninara_cookie, uniq_snorg
D:12:     layout_roguey, serial_shops, nicolae_diamond_shop, uniq_amaemon
D:13:     layout_long_grid, erik_vaults_2, portal_ice_cave_entry_pillars_1
D:14:     layout_irregular_city, gammafunk_ghost_ooze,
          nicolae_figureground_pulse, uniq_frances
D:15:     grunt_enter_depths_magical_seal, layout_cross, serial_shops, shop,
          xom_teletrap_fun
Lair:1:   gammafunk_cloud_chamber, layout_small_grid, grunt_megastairs_2,
          serial_bayou_shore_b
Lair:2:   regret_index_bee_streams, layout_chaotic_city,
          elwin_shoals_entry_rocks, dummy_snake_entry, uniq_harold
Lair:3:   layout_gridlike, infiniplex_staircase_pool, serial_bayou_shore_a
Lair:4:   layout_gridlike, minivault_19
Lair:5:   layout_gridlike, gauntlet_entry_generic, serial_bayou_pond_c
Lair:6:   gammafunk_lair_ancient_temple, layout_regular_city, slime_altar_2
Shoals:1: layout_shoals, ebering_ghost_inner_flame
Shoals:2: layout_shoals, ebering_ghost_davey_jones
Shoals:3: layout_shoals, nicolae_shoals_sun_and_surf
Shoals:4: shoals_end_hellmonk_lost_city
Snake:1:  layout_misc_corridors, serial_shops, nicolae_shop_crystal, st_stairs_3
Snake:2:  gammafunk_its_a_trap, layout_rooms
Snake:3:  layout_chambers, serial_shops, nicolae_shop_stone
Snake:4:  grunt_snake_rune_serpentine_throne, layout_rooms,
          nicolae_fountain_basement, uniq_bai_suzhen
Orc:1:    layout_diamond_mine
Orc:2:    st_orc_open, layout_diamond_mine, led_sif_book
Elf:1:    layout_geoelf_grid, hangedman_elf_represent, moated_statue,
          roderic_lattice_octagonal_star, uniq_louise, uniq_roxanne, uniq_azrael
Elf:2:    nicolae_elf_blades_crystal_corner, layout_geoelf_grid, serial_shops,
          nicolae_diamond_shop
Elf:3:    minmay_elf_hall_furrowed, layout_geoelf_castle
Vaults:1: vaults_room_fancy_cross, nicolae_vaults_shelves_hall,
          nicolae_vaults_network_star, hangedman_vaults_impose,
          grunt_vaults_twisty, nicolae_vaults_little_ls, vaults_dpeg_doors,
          vaults_room_door_ring, hangedman_vaults_hard_town_square,
          vaults_room_octagon, ontoclasm_vaults_eye, ontoclasm_vaults_spin,
          vaults_dpeg_hooks, nicolae_vaults_theta, nicolae_vaults_theta,
          v_misc_1, vaults_dpeg_diagonal, layout_vaults_ring, serial_shops,
          nicolae_shop_temple_entry_statues_fountains
Vaults:2: ontoclasm_vaults_fault, v_misc_9, ontoclasm_vaults_claustrophobia,
          grunt_vaults_focal, ontoclasm_vaults_decontamination,
          vaults_dpeg_encased_lava, vaults_room_fours, layout_vaults_omnigrid,
          uniq_nikola
Vaults:3: nicolae_vaults_specimen_jars, vaults_room_large_hall,
          minmay_crypt_entry_nasty_monster, nicolae_vaults_little_squares_4,
          ontoclasm_vaults_chip, vaults_room_semicircle,
          hangedman_vaults_cutoff, vaults_room_fours, nicolae_vaults_gold_heap,
          nicolae_vaults_circle_grid_a, vaults_room_guarded_vault, v_misc_5,
          hangedman_vaults_slice, layout_vaults_maze
Vaults:4: vaults_mumra_hexcomb, nicolae_vaults_network_barrier,
          hangedman_vaults_capsules, vaults_mumra_lcd, vaults_dpeg_ring,
          vaults_room_pool, nicolae_vaults_theta, hangedman_vaults_corner,
          ontoclasm_vaults_twist, v_pattern_2, ontoclasm_vaults_chip,
          nicolae_vaults_branching_niches, layout_vaults_big_room, serial_shops,
          bzr_entry_water, uniq_margery
Depths:1: layout_gridlike, hell_entry,
          hellmonk_guarded_unrand_seven_league_boots, minmay_shop_grove

Skill      XL: |  1  2  3  4  5  6  7  8  9 10 11 12 13 14 15 16 17 18 19 20 |
---------------+-------------------------------------------------------------+-----
Axes           | 2 3 4 5 6 7 10 11 13 14 16 17 18 | 18.0
Fighting       | 3 4 5 7 8 9 10 11 12 14 16 17 | 17.9
Armour         | 5 7 9 11 12 | 12.0
Necromancy     | 2 4 7 9 10 12 14 | 14.7
Evocations     | 3 6 8 10 | 10.0
Shields        | 5 9 12 14 15 | 15.0
Spellcasting   | 4 6 |  6.0
Transmutations | 3 9 |  9.1

Action                   |  1- 3 |  4- 6 |  7- 9 | 10-12 | 13-15 | 16-18 | 19-21 || total
-------------------------+-------+-------+-------+-------+-------+-------+-------++-------
Melee: War axe           |   102 |    74 |   214 |   616 |  1193 |   696 |       ||  2895
       Hand axe          |    33 |    13 |    15 |       |       |       |       ||    61
       Whip              |    15 |   109 |    86 |    73 |    70 |       |       ||   353
       Flail             |       |       |    14 |     1 |       |     9 |       ||    24
       Demon whip        |       |       |       |       |    23 |   103 |     5 ||   131
       Broad axe         |       |       |       |       |       |  1557 |  1384 ||  2941
Throw: Javelin           |     4 |       |     4 |     3 |       |     5 |       ||    16
       Boomerang         |       |     8 |    41 |    23 |    29 |    43 |     5 ||   149
       Dart              |       |       |    12 |    28 |     1 |     5 |     2 ||    48
       Throwing net      |       |       |     1 |     3 |     2 |     3 |       ||     9
 Cast: Excruciating Woun |       |       |       |       |       |    24 |    48 ||    72
       Animate Dead      |       |       |       |       |       |     7 |     3 ||    10
       Death Channel     |       |       |       |       |       |       |    16 ||    16
Evoke: Wand              |       |       |       |     3 |     1 |    10 |       ||    14
       Box of beasts     |       |       |       |       |     1 |     1 |       ||     2
       Condenser vane    |       |       |       |       |       |     2 |       ||     2
       Phial of floods   |       |       |       |       |       |     1 |       ||     1
       Phantom mirror    |       |       |       |       |       |     1 |     1 ||     2
       Tin of tremorston |       |       |       |       |       |     1 |       ||     1
       Piece from Xom's  |       |       |       |       |       |       |     1 ||     1
  Use: Potion            |     1 |       |     1 |     2 |     2 |     7 |     4 ||    17
       Scroll            |       |       |    12 |     6 |     8 |    11 |     4 ||    41
 Stab: Held in net/web   |       |       |       |     2 |       |     5 |       ||     7
       Petrified         |       |       |       |       |     1 |       |       ||     1
       Distracted        |       |       |       |       |       |       |     8 ||     8
Armor: Scale mail        |    68 |    45 |       |       |       |   838 |   538 ||  1489
       Chain mail        |       |    75 |   152 |       |       |       |       ||   227
       Plate armour      |       |       |    59 |   428 |   760 |   445 |       ||  1692
Dodge: Dodged            |    67 |    63 |   102 |   267 |   317 |   609 |   284 ||  1709
Block: Buckler           |    35 |    35 |    60 |   148 |   244 |   141 |       ||   663
       Kite shield       |       |       |       |       |       |  1047 |   772 ||  1819
       Reflection        |       |       |       |       |       |   170 |    27 ||   197

Table legend: (Time is in decaauts)
 A = Elapsed time spent in this place.
 B = Non-inter-level travel time spent in this place.
 C = Inter-level travel time spent in this place.
 D = Time resting spent in this place.
 E = Time spent auto-exploring this place.
 F = Levels seen in this place.
 G = Mean time per level.
                   A        B        C        D        E       F      G
               +--------+--------+--------+--------+--------+-----+--------+
         Total |  63124 |  58233 |   4891 |  11861 |  26262 |  42 | 1503.0 |
       Dungeon |  24388 |  22119 |   2269 |   6080 |  10157 |  15 | 1625.9 |
          Lair |   8394 |   7371 |   1023 |    438 |   4798 |   6 | 1399.0 |
        Shoals |   7186 |   6913 |    273 |   2045 |   2191 |   4 | 1796.5 |
     Snake Pit |   7613 |   7039 |    574 |   1694 |   3000 |   4 | 1903.2 |
  Orcish Mines |   2160 |   1867 |    293 |    195 |    820 |   2 | 1080.0 |
   Elven Halls |   5067 |   4839 |    228 |    530 |   1902 |   3 | 1689.0 |
        Vaults |   4857 |   4728 |    129 |    409 |   1997 |   4 | 1214.2 |
        Depths |   1759 |   1660 |     99 |    313 |    872 |   1 | 1759.0 |
        Bazaar |    232 |    232 |      0 |      0 |     78 |   1 |  232.0 |
      Ice Cave |    954 |    954 |      0 |     49 |    427 |   1 |  954.0 |
      Gauntlet |    510 |    510 |      0 |    106 |     19 |   1 |  510.0 |
               +--------+--------+--------+--------+--------+-----+--------+

Top non-repeatable levels by time:
    D:10: 3267 daAuts
     D:9: 2962 daAuts
    D:11: 2344 daAuts
Shoals:2: 2142 daAuts
 Snake:3: 2021 daAuts
     D:8: 1991 daAuts
   Elf:3: 1942 daAuts
 Snake:1: 1936 daAuts
     D:5: 1929 daAuts
  Lair:2: 1916 daAuts
 Snake:2: 1884 daAuts
Shoals:4: 1873 daAuts
  Lair:1: 1833 daAuts
Vaults:2: 1813 daAuts
 Snake:4: 1771 daAuts
